AoeStats
← Your father like an elephant

Arena

510094200Analyzed
3v3 RM · 2d ago on Sep 29, 2026· 42m 0s· 6 players
Game mode
Random Map
Map size
Normal (6 player)
Population
200
Speed
Normal
Resources
Standard
Victory
Conquest
Starting age
Dark Age
Ending age
Imperial Age
RankedLock teamsTeams togetherTeam positionsShared explorationLock speedFull tech treeHidden civsTurbo modeCheats
Victory
Defeat
🇧🇷 Cumans · Brazil
1313
+11
🇨🇳 Teutons · China
1195
+15
🇨🇳 Turks · China
1074
+19
🇺🇸 Varangians · United States
1183
-15
1183
-15
1183
-15
In9Ma
9:59 Feudal Age
14:25 Castle Age
12:22 Double-Bit Axe
12:20 Horse Collar
15:35 Bow Saw
16:53 Loom
20:45 Wheelbarrow
27:17 Imperial Age
25:47 Heavy Plow
26:09 Bloodlines
25:59 Husbandry
26:27 Scale Barding Armor
26:35 Forging
26:34 Gold Mining
27:33 Chain Barding Armor
27:28 Stone Mining
27:47 Cavalier
30:40 Plate Barding Armor
32:27 Iron Casting
33:51 Light Cavalry
35:09 Stone Shaft Mining
36:37 Blast Furnace
35:11 Pikeman
35:52 Squires
36:39 Hand Cart
36:34 Halberdier
37:00 Arson
37:19 Scale Mail Armor
37:16 Elite Varangian Guard
37:31 Hussar
38:11 Town Watch
38:28 Gambesons
39:40 Conscription
38:41 Vendel Legacy
39:59 Chain Mail Armor
39:45 Fletching
40:19 Murder Holes
40:37 Fortified Wall
41:12 Plate Mail Armor
Your father like an elephant
9:56 Feudal Age
11:25 Double-Bit Axe
14:25 Castle Age
14:27 Horse Collar
16:17 Bow Saw
23:27 Wheelbarrow
22:56 Heavy Plow
25:15 Gold Mining
28:35 Imperial Age
26:14 Stone Mining
27:20 Loom
28:04 Ballistics
28:50 Crossbowman
30:38 Hand Cart
30:42 Arbalester
31:32 Thumb Ring
31:50 Town Watch
33:01 Pikeman
33:41 Squires
36:05 Chemistry
34:59 Fletching
35:09 Padded Archer Armor
34:51 Light Cavalry
36:06 Bloodlines
37:22 Bodkin Arrow
37:42 Leather Archer Armor
Your mother like a camel
10:43 Feudal Age
14:37 Castle Age
12:43 Double-Bit Axe
13:10 Horse Collar
22:50 Bow Saw
25:49 Loom
28:46 Fortified Wall
Vhl.FalconKing
9:05 Feudal Age
9:54 Double-Bit Axe
9:49 Horse Collar
13:42 Wheelbarrow
18:03 Loom
20:44 Castle Age
21:38 Bloodlines
23:55 Heavy Plow
24:06 Bow Saw
25:34 Forging
25:30 Scale Barding Armor
26:53 Iron Casting
29:23 Imperial Age
27:25 Chain Barding Armor
28:15 Gold Mining
29:55 Gold Shaft Mining
29:27 Cavalier
32:15 Blast Furnace
31:50 Plate Barding Armor
32:05 Paladin
38:58 Fletching
39:09 Padded Archer Armor
40:00 Ballistics
40:40 Chemistry
39:08 Elite Skirmisher
39:53 Thumb Ring
1627714649
14:24 Feudal Age
15:07 Double-Bit Axe
15:15 Gold Mining
15:09 Horse Collar
18:06 Castle Age
19:30 Bow Saw
22:26 Imperial Age
21:42 Gold Shaft Mining
22:25 Padded Archer Armor
35:53 Wheelbarrow
35:21 Heavy Plow
35:40 Leather Archer Armor
35:53 Loom
37:09 Ballistics
37:29 Hand Cart
38:09 Stone Mining
39:25 Treadmill Crane
40:22 Scale Barding Armor
40:28 Forging
41:45 Chain Barding Armor
46134864
11:23 Feudal Age
13:12 Loom
15:29 Castle Age
13:27 Double-Bit Axe
14:16 Horse Collar
14:37 Stone Mining
15:38 Gold Mining
18:34 Bow Saw
20:08 Loom
25:12 Wheelbarrow
25:59 Fortified Wall
26:43 Stone Shaft Mining
26:23 Town Watch
29:58 Imperial Age
28:06 Hand Cart
28:50 Ballistics
28:41 Masonry
29:07 Heavy Plow
29:16 Town Patrol
30:23 Scale Mail Armor
30:02 Capped Ram
32:52 Ironclad
32:22 Elite Teutonic Knight
32:34 Onager
33:57 Chain Mail Armor
33:52 Forging
35:11 Iron Casting
35:22 Squires
35:08 Gambesons
38:05 Conscription
38:47 Plate Mail Armor
38:53 Fletching
39:05 Padded Archer Armor
40:05 Blast Furnace
39:41 Bodkin Arrow
39:54 Siege Engineers
41:01 Hoardings
43:23 Chemistry
Connection lost

Rejoining the realm…

Still unreachable

The connection could not be restored.

Session expired

The server has moved on; the page needs a fresh start.